 Dungeon Crawl Stone Soup version 0.30-a0-371-gad7725a93e (webtiles) character file.

Game seed: 15427160623829266659

16 jfcaron the Poker (level 2, -7/26 HPs)
             Began as a Gnoll Reaver on Nov 21, 2022.
             Was a Follower of Vehumet.
             Mangled by Eustachio
             ... wielding a +0 falchion of holy wrath
              (8 damage)
             ... on level 4 of the Dungeon.
             The game lasted 00:02:26 (538 turns).

jfcaron the Poker (Gnoll Reaver)                     Turns: 538, Time: 00:02:27

Health: -7/26      AC:  3    Str: 11    XL:     2   Next: 54%
Magic:  0/7        EV: 12    Int: 12    God:    Vehumet [*.....]
Gold:   4          SH:  0    Dex: 10    Spells: 6/10 levels left

rFire   . . .      SeeInvis .    a - +0 spear
rCold   . . .      Faith    .    (no shield)
rNeg    . . .      Spirit   .    b - +0 leather armour
rPois   .          Reflect  .    (no helmet)
rElec   .          Harm     .    (no cloak)
rCorr   .          Rampage  .    (no gloves)
Will    .....                    (no boots)
Stlth   +.........               (no amulet)
HPRegen 0.24/turn                (no ring)
MPRegen 0.10/turn                (no ring)

@: brilliant
A: fangs 1, strong nose, distributed training
a: Renounce Religion


You were on level 4 of the Dungeon.
You worshipped Vehumet.
Vehumet was aware of your devotion.
You visited 1 branch of the dungeon, and saw 3 of its levels.

You collected 40 gold pieces.
You spent 36 gold pieces at shops.

Inventory:

Hand Weapons
 a - a +0 spear (weapon)
Missiles
 c - 3 stones
Armour
 b - a +0 leather armour (worn)
Scrolls
 d - a scroll of fear {unknown}
 f - a scroll of enchant armour {unknown}
Potions
 e - a potion of brilliance
 g - a potion of curing


   Skills:
 + Level 4.5 Fighting
 + Level 0.5 Short Blades
 + Level 0.5 Long Blades
 + Level 0.5 Axes
 + Level 0.5 Maces & Flails
 + Level 6.5 Polearms
 + Level 0.5 Staves
 + Level 0.5 Ranged Weapons
 + Level 0.5 Throwing
 + Level 0.5 Armour
 + Level 4.5 Dodging
 + Level 0.5 Stealth
 + Level 0.5 Shields
 + Level 0.5 Unarmed Combat
 + Level 4.9 Spellcasting
 + Level 5.3 Conjurations
 + Level 0.3 Hexes
 + Level 0.3 Summonings
 + Level 0.3 Necromancy
 + Level 0.3 Translocations
 + Level 0.3 Transmutations
 + Level 0.3 Fire Magic
 + Level 0.3 Ice Magic
 + Level 0.3 Air Magic
 + Level 0.3 Earth Magic
 + Level 0.3 Poison Magic
 + Level 0.6 Invocations
 + Level 0.5 Evocations


You had 6 spell levels left.
You knew the following spells:

 Your Spells              Type           Power      Damage    Failure   Level
a - Kiss of Death         Conj/Necr      56%        2d9       9%          1
b - Shock                 Conj/Air       56%        1d6       9%          1
c - Momentum Strike       Conj/Tloc      28%        3d8       12%         2

Your spell library contained the following spells:

 Spells                   Type           Power      Damage    Failure   Level
 Hailstorm                Conj/Ice       14%        3d5       24%         3
 Gell's Gravitas          Tloc           5%         N/A       56%         3
 Teleport Other           Tloc           5%         N/A       56%         3
 Dispersal                Tloc           2%         N/A       100%        6


Dungeon Overview and Level Annotations

Branches:
Dungeon (4/15)
 Temple: D:4-7

Altars:
Vehumet

Shops:
D:1 !

Annotations:
D:4 Eustachio


Innate Abilities, Weirdness & Mutations

You have very sharp teeth.
Your uncanny sense of smell can sniff out nearby items.
Your experience applies equally to all skills.


Message History

Eustachio hits you with a +0 falchion of holy wrath.
Casting: Shock (safe; 9% risk of failure)
Confirm with . or Enter, or press ? or * to list all spells.
Aiming: Shock (safe; 9% risk of failure)
Press: ? - help, Shift-Dir - straight line, p - Eustachio
Okay, then.
Casting: Shock (safe; 9% risk of failure)
Confirm with . or Enter, or press ? or * to list all spells.
Aiming: Shock (safe; 9% risk of failure)
Press: ? - help, Shift-Dir - straight line, p - Eustachio The zap misses Eustachio.
The zap hits the shadow imp.
The shadow imp is lightly wounded.
The zap hits the shadow imp.
The shadow imp is heavily wounded.
The zap misses Eustachio.
Eustachio hits you with a +0 falchion of holy wrath.
Unknown command.
You closely miss Eustachio.
Eustachio is heavily wounded.
Eustachio barely misses you.
You closely miss Eustachio.
Eustachio is heavily wounded.
The ufetubus misses you. The ufetubus hits you.
Eustachio hits you with a +0 falchion of holy wrath.
The shadow imp hits you but does no damage.
You barely miss Eustachio.
Eustachio is heavily wounded.
The ufetubus hits you.
* * * LOW HITPOINT WARNING * * *
The ufetubus hits you.
* * * LOW HITPOINT WARNING * * *
Eustachio misses you. The ufetubus hits you.
* * * LOW HITPOINT WARNING * * *
The ufetubus barely misses you. The shadow imp misses you.
It was a potion of brilliance.
You feel clever all of a sudden. The ufetubus misses you.
The ufetubus hits you but does no damage.
Eustachio hits you with a +0 falchion of holy wrath!
You die...

....... .......
......> #########
.......
##...#...##.......
##..............#
#............#
#.........5@5#
#..........@.##..
##...............#
##................
###.##.......###.
#.#......###
#........#
###......#
#......# .........


You could see Eustachio, a shadow imp (summoned) and an ufetubus (summoned).

Vanquished Creatures
  A bat (D:1)
  An endoplasm (D:1)
  A giant cockroach (D:1)
  2 goblins (D:1)
  3 hobgoblins (D:1)
  3 jackals (D:1)
  A frilled lizard (D:1)
12 creatures vanquished.

Notes
Turn   | Place    | Note
-------+----------+-------------------------------------------
     0 | D:1      | jfcaron the Gnoll Reaver began the quest for the Orb.
     0 | D:1      | Reached XP level 1. HP: 20/20 MP: 6/6
    65 | D:1      | Reached XP level 2. HP: 26/26 MP: 7/7
   240 | D:1      | Found Pefour's Distillery.
   358 | D:1      | Found a faded altar of an unknown god.
   426 | D:1      | Prayed at the altar of an unknown god.
   426 | D:1      | Became a worshipper of Vehumet
   426 | D:1      | Reached * piety under Vehumet
   426 | D:1      | Offered knowledge of Shock by Vehumet.
   429 | D:1      | Learned a level 1 spell: Shock
   432 | D:1      | Learned a level 2 spell: Momentum Strike
   474 | D:1      | Bought a potion of curing for 36 gold pieces
   487 | D:2      | You fall into a shaft and drop 2 floors!
   496 | D:4      | Noticed Eustachio
   508 | D:4      | Noticed a crimson imp
   537 | D:4      | HP: 4/26 [ufetubus[Eustachio] (3)]
   537 | D:4      | HP: 1/26 [ufetubus[Eustachio] (3)]
   538 | D:4      | Mangled by Eustachio

Illustrated notes

Levels and vault maps discovered:
D:1:      heliophobic_arrival_ceremonial_halls, layout_rooms, serial_shops,
          shop, shapermc_ecumenical_altar_starsandcircs
D:2:      cheibrodos_fertilizer, layout_loops_ring, guppyfry_early_orc_mine
D:4:      layout_rooms, nicolae_ru_awakened_eye, marbit_many_paths,
          cheibriados_altar_1, minmay_temple_entry_proselytizer,
          dk_noncrumbling_4, uniq_eustachio, uniq_pikel, uniq_duvessa

Action                   || total
-------------------------++-------
Melee: Spear             ||    57
       Bite              ||     5
Throw: Stone             ||     4
 Cast: Shock             ||    10
  Use: Potion            ||     1
Armor: Leather armour    ||    10
Dodge: Dodged            ||    37

Table legend: (Time is in decaauts)
 A = Elapsed time spent in this place.
 B = Non-inter-level travel time spent in this place.
 C = Inter-level travel time spent in this place.
 D = Time resting spent in this place.
 E = Time spent auto-exploring this place.
 F = Levels seen in this place.
 G = Mean time per level.
                   A        B        C        D        E       F      G
               +--------+--------+--------+--------+--------+-----+--------+
         Total |    526 |    455 |     71 |      0 |    336 |   3 |  175.3 |
       Dungeon |    526 |    455 |     71 |      0 |    336 |   3 |  175.3 |
               +--------+--------+--------+--------+--------+-----+--------+

Top non-repeatable levels by time:
     D:1: 479 daAuts
     D:4: 46 daAuts
